 Dungeon Crawl Stone Soup version 0.24.1-14-gf8d2b509d9 (webtiles) character file.

Game seed: 4267521031227791948, levelgen mode: deterministic

401492 Bodigarde the Warrior (level 22, 0/182 HPs)
             Began as a Mummy Fighter on May 21, 2020.
             Was the Champion of Okawaru.
             Killed from afar by a quicksilver dragon (33 damage)
             ... with a bolt of dispelling energy
             ... on level 3 of the Depths on May 22, 2020.
             The game lasted 03:52:16 (73944 turns).

Bodigarde the Warrior (Mummy Fighter)              Turns: 73944, Time: 03:52:17

Health: 0/182      AC: 34    Str: 34    XL:     22   Next: 29%
Magic:  0/38       EV: 16    Int: 10    God:    Okawaru [******]
Gold:   1428       SH: 25    Dex: 12    Spells: 21/21 levels left

rFire    + + +     SeeInvis +   a - +4 demon whip of Mineodig {vamp, rElec MR+}
rCold    + + +     Gourm    .   K - +0 large shield
rNeg     + + +     Faith    .   e - +10 plate armour "Ezejerghe" {Int+3 Stlth+}
rPois    ∞         Spirit   +   B - -2 hat of the Alchemist {rElec rPois rF+ rC+ rN+ MR+ rMut rCorr}
rElec    +         Reflect  .   Z - scarf {rC+ rF+}
rCorr    +         Harm     .   Q - +2 pair of gloves {archery}
rMut     +                      j - +2 pair of boots of the Prince {MR+ MP+9 Str+7}
MR       ++...                  V - amulet "Biumnups" {Spirit +Blink rPois Int-2 SInv}
Stlth    ..........             n - ring of protection from fire
HPRegen  0.40/turn              c - ring of protection from fire
MPRegen  0.26/turn

@: vulnerable, heroism, finesse
A: no food or potions, fire vulnerability, cold resistance 1, negative energy
resistance 3, torment resistance, unbreathing, in touch with death 1
}: 2/15 runes: decaying, serpentine
a: Heroism, Finesse, Renounce Religion, Evoke Blink


You were on level 3 of the Depths.
You worshipped Okawaru.
Okawaru was exalted by your worship.
You were not hungry.

You visited 8 branches of the dungeon, and saw 39 of its levels.
You also visited: Ice Cave.

You collected 3897 gold pieces.
You spent 2469 gold pieces at shops.

Inventory:

Hand Weapons
 a - the +4 demon whip of Mineodig (weapon) {vamp, rElec MR+}
   (Okawaru gifted it to you on level 2 of the Swamp)

   It inflicts no extra harm, but heals its wielder when it wounds a living foe.
   It insulates you from electricity.
   It affects your resistance to hostile enchantments.
 b - a +9 demon whip of freezing
Missiles
 f - 57 boomerangs (quivered)
 h - 7 throwing nets
 p - 13 silver javelins
 u - 8 silver boomerangs
 S - 16 javelins
 U - 8 curare-tipped darts
Armour
 e - the +10 plate armour "Ezejerghe" (worn) {Int+3 Stlth+}
   (You found it on level 1 of the Swamp)

   It affects your intelligence (+3).
   It makes you more stealthy.
 j - the +2 pair of boots of the Prince (worn) {MR+ MP+9 Str+7}
   (Okawaru gifted it to you on level 4 of the Vaults)

   It affects your strength (+7).
   It affects your resistance to hostile enchantments.
   It affects your magic capacity (+9).
 w - a scarf of cloud immunity
 B - the -2 hat of the Alchemist (worn) {rElec rPois rF+ rC+ rN+ MR+ rMut rCorr}
   (You found it on level 2 of the Swamp)

   It protects you from fire.
   It protects you from cold.
   It insulates you from electricity.
   It protects you from poison.
   It protects you from negative energy.
   It affects your resistance to hostile enchantments.
   It provides partial protection from all sources of acid and corrosion.
   It protects you from mutation.
 K - a +0 large shield (worn)
 Q - a +2 pair of gloves of archery (worn)
 Z - a scarf of resistance (worn)
Jewellery
 c - a ring of protection from fire (right hand)
 n - a ring of protection from fire (left hand)
 t - an uncursed ring of flight
 O - the ring "Efieron" {MR+ Int+4}
   (You found it on level 4 of the Lair of Beasts)

   [ring of protection from magic]

   It affects your intelligence (+4).
   It affects your resistance to hostile enchantments.
 V - the amulet "Biumnups" (around neck) {Spirit +Blink rPois Int-2 SInv}
   (You bought it in a shop on level 13 of the Dungeon)

   [amulet of guardian spirit]

   It causes incoming damage to be split between your health and magic.
   It affects your intelligence (-2).
   It protects you from poison.
   It lets you see invisible.
   It lets you blink.
Wands
 m - a wand of clouds (7)
 r - a wand of acid (42)
 y - a wand of paralysis (37)
 A - a wand of polymorph (37)
 D - a wand of enslavement (19)
 E - a wand of random effects (25)
 L - a wand of disintegration (28)
 N - a wand of iceblast (71)
 T - a wand of scattershot (11)
 W - a wand of digging (14)
Scrolls
 d - 4 scrolls of magic mapping
 g - a scroll of fear
 i - 13 scrolls of remove curse
 k - 5 scrolls of blinking
 l - 2 scrolls of torment
 o - 7 scrolls of amnesia
 q - 4 scrolls of identify
 s - 2 scrolls of enchant armour
 x - a scroll of holy word
 C - 5 scrolls of fog
 G - a scroll of immolation
 H - 5 scrolls of vulnerability
 I - 12 scrolls of teleportation
 J - a scroll of silence
Miscellaneous
 v - 3 sacks of spiders
 z - a lightning rod (4/4)
 F - a lamp of fire
 M - a fan of gales
 R - a phial of floods
 Y - a box of beasts


   Skills:
 + Level 17.4(22.4) Fighting
 - Level 16.0(21.0) Maces & Flails
 + Level 15.1(20.1) Armour
 + Level 11.5(16.5) Dodging
 + Level 15.0(20.0) Shields
 - Level 10.0 Invocations
 - Level 10.0 Evocations


You had 21 spell levels left.
You didn't know any spells.
Your spell library contained the following spells:

 Spells                   Type           Power        Failure   Level  Hunger
 Animate Skeleton         Necr           N/A          94%         1    N/A
 Apportation              Tloc           #.....       94%         1    N/A
 Confusing Touch          Hex            #.....       94%         1    N/A
 Corona                   Hex            #......      94%         1    N/A
 Freeze                   Ice            #...         94%         1    N/A
 Magic Dart               Conj           #...         94%         1    N/A
 Sting                    Conj/Pois      #...         94%         1    N/A
 Summon Small Mammal      Summ           #...         94%         1    N/A
 Blink                    Tloc           N/A          98%         2    N/A
 Corpse Rot               Necr           N/A          98%         2    N/A
 Ensorcelled Hibernation  Hex/Ice        #.....       98%         2    N/A
 Poisonous Vapours        Pois/Air       #.....       98%         2    N/A
 Searing Ray              Conj           #.....       98%         2    N/A
 Shroud of Golubria       Chrm/Tloc      #.....       98%         2    N/A
 Slow                     Hex            #.......     98%         2    N/A
 Sticks to Snakes         Tmut           #.......     98%         2    N/A
 Throw Frost              Conj/Ice       #.....       98%         2    N/A
 Confuse                  Hex            #.......     100%        3    N/A
 Dazzling Spray           Conj/Hex       #.....       100%        3    N/A
 Gell's Gravitas          Tloc           #.........   100%        3    N/A
 Ignite Poison            Fire/Tmut/Pois #.......     100%        3    N/A
 Lesser Beckoning         Tloc           #.........   100%        3    N/A
 Mephitic Cloud           Conj/Pois/Air  #.......     100%        3    N/A
 Ozocubu's Armour         Chrm/Ice       #.......     100%        3    N/A
 Teleport Other           Tloc           #.......     100%        3    N/A
 Tukima's Dance           Hex            #.......     100%        3    N/A
 Force Lance              Conj/Tloc      #.......     100%        4    N/A
 Fulminant Prism          Conj/Hex       #.........   100%        4    N/A
 Iskenderun's Mystic Bla  Conj           #.......     100%        4    N/A
 Leda's Liquefaction      Hex/Erth       #.........   100%        4    N/A
 Olgreb's Toxic Radiance  Pois           #.......     100%        4    N/A
 Passage of Golubria      Tloc           N/A          100%        4    N/A
 Petrify                  Tmut/Erth      #.......     100%        4    N/A
 Summon Ice Beast         Ice/Summ       #.......     100%        4    N/A
 Throw Icicle             Conj/Ice       #.......     100%        4    N/A
 Agony                    Necr           #.......     100%        5    N/A
 Bolt of Draining         Conj/Necr      #.........   100%        5    N/A
 Dispel Undead            Necr           #.......     100%        5    N/A
 Excruciating Wounds      Chrm/Necr      #.........   100%        5    N/A
 Fireball                 Conj/Fire      #.........   100%        5    N/A
 Metabolic Englaciation   Hex/Ice        #.........   100%        5    N/A
 Venom Bolt               Conj/Pois      #.........   100%        5    N/A
 Yara's Violent Unravell  Hex/Tmut       #.........   100%        5    N/A
 Bolt of Fire             Conj/Fire      #.........   100%        6    N/A
 Ring of Flames           Chrm/Fire      #.........   100%        7    N/A
 Ignition                 Fire           #.........   100%        8    N/A
 Sublimation of Blood     Necr           Unusable     N/A         2    N/A
 Ice Form                 Ice/Tmut       Unusable     N/A         4    N/A

Dungeon Overview and Level Annotations

Branches:
Dungeon (15/15)            Temple (1/1) D:4            Lair (6/6) D:8
  Swamp (4/4) Lair:3        Snake (4/4) Lair:4        Slime (0/5) Lair:6
    Orc (2/2) D:12            Elf (0/3) Orc:2        Vaults (4/5) D:13
  Crypt (0/3) Vaults:2     Depths (3/5) D:15          IceCv (visited)

Altars:
Ashenzari
Cheibriados
Dithmenos
Elyvilon
Fedhas
Gozag
Hepliaklqana
Kikubaaqudgha
Makhleb
Nemelex Xobeh
Okawaru
Qazlal
Ru
Sif Muna
Trog
Uskayaw
Vehumet
Wu Jian
Xom
Yredelemnul
Zin
The Shining One
Jiyva
Lugonu

Shops:
D:4 [*=   D:6 !   D:7 ([[(   D:10 **   D:13 (}:=*   Orc:2 }([}   Snake:1 }=}
Vaults:4 %

Portals:
Hell: Depths:1 Depths:2 Depths:3
Abyss: Depths:2

Annotations:
Lair:3 2 transporters, Rydil's ghost, journeyman HOMo


Innate Abilities, Weirdness & Mutations

You do not eat or drink.
Your flesh is vulnerable to fire.
You are immune to poison.
Your flesh is cold resistant. (rC+)
You are immune to negative energy. (rN+++)
You are immune to unholy pain and torment.
You can survive without breathing.
You are in touch with the powers of death.


Message History

The death yak rages.
The elephant completely misses you.
The elephant trunk-slaps you but does no damage.
The spriggan air mage waves its arms in wide circles.
The air twists around and strikes you!
* * * LOW HITPOINT WARNING * * *
The phantasmal warrior blinks!
You block the spriggan berserker's attack.
The boggart casts a spell.
Your surroundings suddenly seem different.
A quicksilver dragon comes into view.
The quicksilver dragon roars deafeningly!
An ice dragon comes into view.
The ice dragon roars deafeningly!
Found five items.
Unknown command.
The quicksilver dragon breathes dispelling energy at you.
The bolt of dispelling energy hits you!!!
Your magical effects are unravelling.
You die...

.. #[.......!.# ..≈
#....##..D.# #..♣♣♣♣
#....##....# #.....(
##..........#####.....≈
#..D#....#.............
#..?..........# #......
#........)..$.# ##.....
#.....@.......# #......
########......# ##...##
####### ##..'. ##### #.
#. #. ##


You could see an ice dragon and a quicksilver dragon.

Vanquished Creatures
  Mennas (Vaults:4)
  A juggernaut (Depths:2)
  Sojobo (Vaults:2)
  Vashnia (Snake:3)
  the Enchantress (Depths:3)
  Rupert (D:13)
  A lich (Depths:2)
  5 sphinxes
  5 tengu reavers
  3 thorn hunters
  8 nagarajas
  3 fire giants
  13 vault wardens
  A deep elf sorcerer (Vaults:3)
  6 frost giants
  Aizul (Snake:3)
  The ghost of Mosealaw the Unseen, an adept SpWn of Ashenzari (Swamp:2)
  15 ironheart preservers
  14 very ugly things
  3 spriggan defenders (Depths:3)
  18 stone giants
  A war gargoyle (Vaults:3)
  An entropy weaver (Vaults:3)
  A deep elf demonologist (Vaults:4)
  Azrael (Snake:2)
  4 deep elf annihilators
  A spark wasp (Depths:2)
  Snorg (Orc:2)
  4 ettins
  Josephine (Lair:6)
  A deep elf death mage (Vaults:4)
  7 great orbs of eyes
  3 rakshasas
  4 fire dragons
  11 yaktaur captains
  7 vault guards
  A shambling mangrove (Swamp:2)
  6 ice dragons
  2 spriggan air magi (Depths:3)
  19 naga warriors
  20 hydras
  Erica (D:8)
  16 centaur warriors
  2 two-headed ogres (shapeshifter)
  10 anacondas
  42 two-headed ogres
  2 ghost crabs (Swamp:3)
  3 death knights
  2 dancing weapons (Vaults:3)
  3 deep troll shamans
  19 ogre magi
  3 deep troll earth magi
  8 alligators
  4 tengu warriors
  3 death yaks (Lair:5)
  3 orc high priests (Orc:2)
  Urug (D:13)
  5 shock serpents
  A vampire mage (Depths:1)
  18 naga sharpshooters
  Nergalle (D:10)
  8 deep elf knights
  4 spriggan berserkers (Depths:3)
  3 shadow wraiths
  An iron troll (Depths:2)
  A fire crab (Lair:5)
  8 skeletal warriors
  A deep troll (shapeshifter) (Vaults:3)
  6 swamp dragons
  A glowing orange brain (Vaults:3)
  18 deep trolls
  A flayed ghost (Vaults:4)
  6 unseen horrors
  4 spriggan druids
  12 naga ritualists
  4 wizards
  A phantasmal warrior (Vaults:2)
  11 orc knights
  3 lindwurms (Swamp:4)
  Pikel (D:9)
  12 ironbrand convokers
  11 deep elf archers
  7 harpies
  16 deep elf magi
  8 mana vipers
  7 orc sorcerers
  3 necromancers
  2 manticores
  31 ugly things
  6 wolf spiders
  A faun (Depths:3)
  A moth of wrath (shapeshifter) (Vaults:3)
  5 oklob plants
  5 cyclopes
  5 salamanders
  15 elephants
  A black mamba (shapeshifter) (Vaults:2)
  6 guardian serpents
  13 vault sentinels
  29 black mambas
  24 naga magi
  Psyche (D:9)
  A torpor snail (Lair:6)
  A gargoyle (D:14)
  14 spiny frogs
  An ice statue (IceCv)
  A small abomination (Vaults:3)
  5 komodo dragons
  2 kobold demonologists (D:15)
  58 yaktaurs
  2 centaur skeletons
  A yaktaur zombie (Vaults:1)
  14 freezing wraiths
  7 tengu conjurers
  A jumping spider (shapeshifter) (Vaults:4)
  A meliai (shapeshifter) (Vaults:1)
  7 polar bears
  2 tyrant leeches
  3 meliai (D:12)
  A jumping spider (Vaults:3)
  A raiju (shapeshifter) (Vaults:4)
  7 trolls
  19 hornets
  Prince Ribbit (D:6)
  A wolf spider simulacrum (IceCv)
  31 slime creatures
  A hippogriff (shapeshifter) (Depths:3)
  9 bog bodies
  11 blink frogs
  2 blink frogs (shapeshifter)
  4 hippogriffs
  7 dream sheep
  23 spriggans
  41 yaks
  3 redbacks (Vaults:3)
  A shadow (Swamp:2)
  A water elemental (D:15)
  6 wraiths
  A yak (shapeshifter) (D:13)
  5 fire elementals (Snake:2)
  4 wyverns
  A human (shapeshifter) (Vaults:1)
  A basilisk (Lair:6)
  2 hungry ghosts
  2 hogs (shapeshifter)
  16 humans (D:13)
  Grum (D:8)
  Menkaure (D:6)
  A yaktaur simulacrum (Vaults:2)
  30 vampire mosquitoes
  A soldier ant (D:13)
  47 nagas
  Edmund (D:6)
  10 swamp worms
  15 insubstantial wisps
  3 wargs
  2 acid dragons
  10 water moccasins
  6 swamp drakes
  11 porcupines
  2 sky beasts (shapeshifter)
  12 ice beasts
  An ice dragon simulacrum (Vaults:1)
  3 eyes of draining
  3 black bears
  An alligator simulacrum (IceCv)
  39 ogres
  26 orc warriors
  3 sky beasts
  A necrophage (D:5)
  2 phantoms
  29 wolves
  13 boggarts
  A tengu (shapeshifter) (Vaults:2)
  A human skeleton (Vaults:1)
  7 crocodiles
  19 centaurs
  2 big kobolds
  16 bullfrogs
  A gnoll sergeant (D:10)
  A wyvern zombie (D:14)
  A scorpion (D:10)
  A hornet simulacrum (Vaults:1)
  8 wights
  13 killer bees
  A killer bee (shapeshifter) (Vaults:3)
  3 howler monkeys
  8 electric eels
  7 crimson imps
  2 bullfrog zombies
  2 draconian simulacra (IceCv)
  A jelly (D:10)
  2 quasits (D:10)
  Crazy Yiuf (D:6)
  3 centaur zombies
  A gnoll shaman (D:4)
  11 hounds
  13 orc priests
  14 orc wizards
  5 bullfrog skeletons
  5 iguanas
  2 polar bear simulacra (IceCv)
  A statue (D:8)
  8 worker ants
  5 troll simulacra (IceCv)
  3 spriggan simulacra (IceCv)
  4 centaur simulacra
  2 hound zombies
  A hound skeleton (D:11)
  3 worker ant zombies
  15 gnolls
  A river rat (D:4)
  21 adders
  3 naga simulacra (IceCv)
  6 ogre simulacra (IceCv)
  7 shadow imps
  18 white imps
  5 ufetubi
  4 oozes
  An adder zombie (D:5)
  3 adder skeletons
  A worm (D:4)
  9 leopard geckos
  83 orcs
  A ball python (D:4)
  13 giant cockroaches
  4 goblins
  5 hobgoblins
  8 jackals
  6 quokkas
  7 bats
  6 frilled lizards
  A jackal skeleton (D:7)
  13 kobolds
  A leopard gecko zombie (D:5)
  A quokka skeleton (D:4)
  5 rats
  A bush (Lair:6)
  A crawling corpse (Vaults:3)
  A fungus (Lair:4)
  2 plants (Lair:4)
1678 creatures vanquished.

Vanquished Creatures (collateral kills)
  Erolcha (D:9)
  A two-headed ogre (Vaults:4)
  A howler monkey (D:9)
3 creatures vanquished.

Vanquished Creatures (others)
  A deep elf death mage (Vaults:3)
  A naga ritualist (Snake:4)
  Maurice (D:10)
  A black mamba (Snake:1)
  A bog body (Swamp:1)
  A boggart (Vaults:2)
  2 centaurs (Depths:1)
  3 briar patches (Swamp:2)
  9 fungi
  12 plants
32 creatures vanquished.

Grand Total: 1713 creatures vanquished

Notes
Turn   | Place    | Note
-------+----------+-------------------------------------------
     0 | D:1      | Bodigarde the Mummy Fighter began the quest for the Orb.
     0 | D:1      | Reached XP level 1. HP: 18/18 MP: 1/1
   120 | D:1      | Reached XP level 2. HP: 20/24 MP: 2/2
   702 | D:2      | Reached XP level 3. HP: 17/29 MP: 3/3
  1102 | D:2      | Found a shimmering blue altar of Sif Muna.
  1159 | D:2      | Reached XP level 4. HP: 32/35 MP: 4/4
  1821 | D:3      | You fall into a shaft and drop 2 floors!
  1821 | D:5      | Entered Level 5 of the Dungeon
  1826 | D:5      | Noticed an ogre
  1848 | D:5      | Found a stormy altar of Qazlal.
  1862 | D:5      | Reached XP level 5. HP: 42/42 MP: 5/5
  1881 | D:5      | Noticed a necrophage
  1900 | D:5      | Killed a necrophage
  1935 | D:5      | Noticed an ice beast
  1970 | D:5      | Killed an ice beast
  1970 | D:5      | Reached skill level 4 in Fighting
  1970 | D:5      | Reached XP level 6. HP: 24/48 MP: 6/6
  2323 | D:5      | Noticed a sky beast
  2500 | D:4      | Found Zexziol's Food Shop.
  2522 | D:4      | Found Haaha's General Store.
  2541 | D:4      | Bought a scroll of identify for 20 gold pieces
  2789 | D:4      | Reached XP level 7. HP: 45/55 MP: 7/7
  3035 | D:4      | Found Hullayff's Armour Emporium.
  3057 | D:4      | Found a staircase to the Ecumenical Temple.
  3148 | Temple   | Entered the Ecumenical Temple
  3191 | Temple   | Became a worshipper of Warmaster Okawaru
  3530 | D:4      | Found Jyil's Jewellery Emporium.
  3823 | D:3      | Found a faded altar of an unknown god.
  5111 | D:4      | Reached skill level 5 in Fighting
  5111 | D:4      | Reached skill level 5 in Maces & Flails
  5366 | D:5      | Reached XP level 8. HP: 39/62 MP: 8/8
  5869 | D:5      | Reached * piety under Okawaru
  6057 | D:6      | Noticed Edmund
  6079 | D:6      | Killed Edmund
  6630 | D:6      | Reached skill level 1 in Invocations
  7146 | D:6      | Noticed Prince Ribbit
  7223 | D:6      | Noticed Menkaure
  7240 | D:6      | Killed Menkaure
  7453 | D:6      | Found Celiyreu's Distillery.
  7641 | D:6      | Killed Prince Ribbit
  7641 | D:6      | Reached XP level 9. HP: 69/69 MP: 7/10
  7734 | D:6      | Found a runed translucent door.
  7735 | D:6      | Noticed Crazy Yiuf
  7745 | D:6      | Killed Crazy Yiuf
  7756 | D:6      | Got an encrusted mace
  7757 | D:6      | Identified the +3 mace "Duad" {drain, +Inv rElec Int+2}
                  | (You found it on level 6 of the Dungeon)
  7944 | D:7      | Reached ** piety under Okawaru
  7944 | D:7      | Reached skill level 6 in Fighting
  7944 | D:7      | Reached skill level 5 in Shields
  7959 | D:7      | Reached skill level 5 in Armour
  8295 | D:7      | Found Kupeen's Antique Armour Emporium.
  8662 | D:7      | Reached *** piety under Okawaru
  8790 | D:7      | Found Gyoc's Weapon Shop.
  9166 | D:7      | Found Ykkaud's Weapon Boutique.
  9540 | D:7      | Found a sacrificial altar of Ru.
  9547 | D:7      | Reached skill level 7 in Fighting
  9575 | D:7      | Found Caiwnade's Antique Armour Emporium.
  9674 | D:7      | Found a glowing silver altar of Zin.
  9725 | D:8      | Found a radiant altar of Vehumet.
  9772 | D:8      | Found a shattered altar of Ashenzari.
  9773 | D:8      | Found an opulent altar of Gozag.
  9775 | D:8      | Found a glowing golden altar of the Shining One.
  9779 | D:8      | Reached XP level 10. HP: 79/79 MP: 11/11
  9917 | D:8      | Noticed Grum
  9928 | D:8      | Reached **** piety under Okawaru
  9962 | D:8      | Killed Grum
 10484 | D:8      | Found a staircase to the Lair.
 10543 | D:8      | Noticed Erica
 10553 | D:8      | Killed Erica
 10960 | Lair:1   | Entered Level 1 of the Lair of Beasts
 11046 | Lair:1   | Reached ***** piety under Okawaru
 11358 | Lair:1   | Reached skill level 8 in Fighting
 11480 | Lair:1   | Noticed a black mamba
 11503 | Lair:1   | Killed a black mamba
 11840 | Lair:1   | Noticed a five-headed hydra
 11855 | Lair:1   | Killed a five-headed hydra
 11855 | Lair:1   | Reached XP level 11. HP: 49/86 MP: 4/12
 12696 | Lair:2   | Noticed an eight-headed hydra
 12779 | Lair:2   | Noticed an eight-headed hydra
 12791 | Lair:2   | Killed an eight-headed hydra
 12791 | Lair:2   | Received a gift from Okawaru
 13566 | Lair:2   | Killed an eight-headed hydra
 13566 | Lair:2   | Reached skill level 10 in Maces & Flails
 13881 | Lair:3   | Found a transporter.
 13950 | Lair:3   | Noticed a five-headed hydra
 13964 | Lair:3   | Killed a five-headed hydra
 14250 | Lair:3   | Reached skill level 9 in Fighting
 14401 | Lair:3   | Noticed Rydil's ghost (journeyman HOMo)
 14413 | Lair:3   | Found a transporter.
 14671 | Lair:3   | Noticed a four-headed hydra
 14690 | Lair:3   | Killed a four-headed hydra
 14690 | Lair:3   | Reached XP level 12. HP: 79/95 MP: 12/15
 14883 | Lair:3   | Noticed a seven-headed hydra
 14893 | Lair:3   | Killed a seven-headed hydra
 16125 | Lair:3   | Found a staircase to the Swamp.
 16831 | Lair:4   | Found a staircase to the Snake Pit.
 19773 | Lair:5   | Received a gift from Okawaru
 19806 | Lair:5   | Reached skill level 5 in Invocations
 20155 | Lair:5   | Noticed a four-headed hydra
 20165 | Lair:5   | Killed a four-headed hydra
 20425 | Lair:5   | Noticed a death yak
 20425 | Lair:5   | Noticed a death yak
 20430 | Lair:5   | Noticed a death yak
 20437 | Lair:5   | Killed a death yak
 20445 | Lair:5   | Killed a death yak
 20445 | Lair:5   | Received a gift from Okawaru
 20465 | Lair:5   | Killed a death yak
 20808 | Lair:5   | Reached skill level 10 in Fighting
 20956 | Lair:5   | Gained mutation: You are in touch with the powers of death.
                  | [Mummy growth]
 20956 | Lair:5   | Reached XP level 13. HP: 93/103 MP: 17/17
 21425 | Lair:4   | Got a crude lead ring
 21460 | Lair:4   | Got a faintly humming shield
 21479 | Lair:4   | Identified the cursed +0 shield of the Falcon {rF- rC++
                  | rCorr Int+4} (You found it on level 4 of the Lair of
                  | Beasts)
 21494 | Lair:4   | Identified the ring "Efieron" {MR+ Int+4} (You found it on
                  | level 4 of the Lair of Beasts)
 21693 | Lair:6   | Entered Level 6 of the Lair of Beasts
 22102 | Lair:6   | Noticed Josephine
 23069 | Lair:6   | Killed Josephine
 23681 | Lair:6   | Found a viscous altar of Jiyva.
 23681 | Lair:6   | Found a staircase to the Slime Pits.
 25256 | Lair:6   | Received a gift from Okawaru
 26819 | Lair:6   | Received a gift from Okawaru
 27161 | D:9      | Noticed Erolcha
 27206 | D:9      | Killed Erolcha
 27486 | D:9      | Reached XP level 14. HP: 111/111 MP: 19/19
 27580 | D:9      | Noticed Psyche
 27585 | D:9      | Killed Psyche
 27756 | D:9      | You fall into a shaft and drop 1 floor!
 27756 | D:10     | Entered Level 10 of the Dungeon
 27954 | D:10     | Noticed Maurice
 27979 | D:10     | Killed Maurice
 28106 | D:7      | Bought a shiny plate armour for 494 gold pieces
 28672 | D:9      | Noticed Pikel
 28683 | D:9      | Killed Pikel
 28683 | D:9      | Reached skill level 11 in Fighting
 28849 | D:10     | Noticed Nergalle
 28872 | D:10     | Killed Nergalle
 28953 | D:10     | Identified a scroll of acquirement
 29166 | D:10     | Found Celiyreu's Demolitions Depot.
 29384 | D:10     | Found Atymo's General Store.
 29964 | D:11     | Noticed a tengu reaver
 29978 | D:11     | Killed a tengu reaver
 29995 | D:11     | Noticed a stone giant
 30007 | D:11     | Killed a stone giant
 30882 | D:12     | Found a white marble altar of Elyvilon.
 31441 | D:4      | Bought the amulet "Butteq" {Inacc *Drain rElec rF+++ Int+2}
                  | for 529 gold pieces
 31946 | D:12     | Found a staircase to the Orcish Mines.
 32354 | Orc:1    | Entered Level 1 of the Orcish Mines
 32464 | Orc:2    | Entered Level 2 of the Orcish Mines
 33649 | Orc:2    | Noticed Snorg
 33665 | Orc:2    | Killed Snorg
 33726 | Orc:2    | Found a staircase to the Elven Halls.
 33815 | Orc:2    | Received a gift from Okawaru
 33816 | Orc:2    | Found the +15 Maxwell's patent armour {-Cast -Tele rElec
                  | MR+ rCorr}
 34027 | Orc:2    | Reached skill level 10 in Armour
 34289 | Orc:2    | Found Lenkud's Gadget Emporium.
 34289 | Orc:2    | Found Kesocon's Antique Weapon Shop.
 34291 | Orc:2    | Found Nowaf's Antique Armour Emporium.
 34291 | Orc:2    | Found Veibb's Gadget Shop.
 35073 | Orc:2    | Bought a jewelled helmet for 304 gold pieces
 35083 | Orc:2    | Identified the cursed +0 helmet of the Past {*Contam rC+
                  | Str+3} (You bought it in a shop on level 2 of the Orcish
                  | Mines)
 35175 | D:13     | Found Qimunih's Gadget Emporium.
 35223 | D:13     | Found Juruifae's Book Shoppe.
 35252 | D:13     | Found Henlingia's Jewellery Shoppe.
 35255 | D:13     | Bought an uncursed ring of protection from fire for 375
                  | gold pieces
 35279 | D:13     | Found Jetilyll's Assorted Antiques.
 35285 | D:13     | Bought a scroll of identify for 66 gold pieces
 35285 | D:13     | Bought a wavering diamond amulet for 165 gold pieces
 35286 | D:13     | Bought a scroll of identify for 66 gold pieces
 35286 | D:13     | Identified the amulet "Biumnups" {Spirit +Blink rPois Int-2
                  | SInv} (You bought it in a shop on level 13 of the Dungeon)
 35755 | D:13     | Found a snail-covered altar of Cheibriados.
 35769 | D:13     | Reached skill level 10 in Shields
 35803 | D:13     | Noticed Urug
 35811 | D:13     | Noticed Rupert
 35846 | D:13     | Killed Rupert
 35846 | D:13     | Reached XP level 15. HP: 105/120 MP: 11/21
 35868 | D:13     | Killed Urug
 36021 | D:13     | Found a gate to the Vaults.
 36553 | D:13     | Found Nucava Mytu's Antique Weapon Emporium.
 36871 | D:14     | Got a scorched cloak
 36872 | D:14     | Identified the +2 cloak of Experimentation {rN+} (You found
                  | it on level 14 of the Dungeon)
 37390 | D:14     | Received a gift from Okawaru
 37777 | D:15     | Entered Level 15 of the Dungeon
 37897 | D:15     | Found a frozen archway.
 37901 | IceCv    | Entered an ice cave
 38365 | IceCv    | Reached skill level 12 in Fighting
 38557 | IceCv    | Found an ancient bone altar of Kikubaaqudgha.
 41658 | D:15     | Found a staircase to the Depths.
 41658 | D:15     | Noticed a frost giant
 41671 | D:15     | Killed a frost giant
 42522 | Swamp:1  | Entered Level 1 of the Swamp
 43697 | Swamp:1  | Reached skill level 1 in Evocations
 43896 | Swamp:1  | Got a slimy plate armour
 43900 | Swamp:1  | Identified the +10 plate armour "Ezejerghe" {Int+3 Stlth+}
                  | (You found it on level 1 of the Swamp)
 44164 | Swamp:1  | Received a gift from Okawaru
 45547 | Swamp:2  | Received a gift from Okawaru
 45550 | Swamp:2  | Got a warped demon whip {god gift}
 45551 | Swamp:2  | Identified the +4 demon whip of Mineodig {vamp, rElec MR+}
                  | (Okawaru gifted it to you on level 2 of the Swamp)
 45784 | Swamp:2  | Reached XP level 16. HP: 129/129 MP: 23/23
 45905 | Swamp:2  | Found a runed translucent door.
 45905 | Swamp:2  | Noticed Mosealaw's ghost (adept SpWn)
 45906 | Swamp:2  | Found the -2 hat of the Alchemist {rElec rPois rF+ rC+ rN+
                  | MR+ rMut rCorr}
 45952 | Swamp:2  | Killed Mosealaw's ghost
 45960 | Swamp:2  | Noticed a thorn hunter
 45980 | Swamp:2  | Reached skill level 1 in Dodging
 46180 | Swamp:2  | Killed a thorn hunter
 47332 | Swamp:3  | Received a gift from Okawaru
 47705 | D:14     | Identified the +7 quick blade "Zeacohuwk" {pierce, *Corrode
                  | rC+ Str+2 Dex+4} (Okawaru gifted it to you on level 14 of
                  | the Dungeon)
 48067 | Swamp:3  | Got a vibrating pewter ring
 48273 | Swamp:4  | Entered Level 4 of the Swamp
 48423 | Swamp:4  | Identified the ring of the Catamount {Fire *Drain rN+ Str+4
                  | Dex-5 SInv} (You found it on level 3 of the Swamp)
 48478 | Swamp:4  | Noticed a thorn hunter
 48510 | Swamp:4  | Killed a thorn hunter
 48609 | Swamp:4  | Noticed a thorn hunter
 48635 | Swamp:4  | Killed a thorn hunter
 48635 | Swamp:4  | Reached skill level 10 in Invocations
 48961 | Swamp:4  | Reached skill level 13 in Fighting
 48970 | Swamp:4  | Received a gift from Okawaru
 49080 | Swamp:4  | Got a decaying rune of Zot
 49551 | Snake:1  | Entered Level 1 of the Snake Pit
 49818 | Snake:1  | Reached ****** piety under Okawaru
 49897 | Snake:1  | Received a gift from Okawaru
 50869 | Snake:1  | Got a vibrating silver ring
 50870 | Snake:1  | Identified the ring of Morality {*Slow rF+ Str+6} (You
                  | found it on level 1 of the Snake Pit)
 51460 | Snake:1  | Found Mabluaxua's Jewellery Emporium.
 51461 | Snake:1  | Found Qufyodel's Gadget Boutique.
 51461 | Snake:1  | Found Vokeirrojaw's Gadget Boutique.
 51771 | Snake:1  | Received a gift from Okawaru
 52194 | Snake:1  | Reached XP level 17. HP: 137/137 MP: 20/24
 52540 | Snake:2  | Reached skill level 5 in Evocations
 52652 | Snake:2  | Noticed Azrael
 52675 | Snake:2  | Killed Azrael
 53127 | Snake:3  | Noticed Vashnia
 53175 | Snake:3  | Received a gift from Okawaru
 53211 | Snake:3  | Killed Vashnia
 53258 | Snake:3  | Noticed Aizul
 53299 | Snake:3  | Killed Aizul
 53398 | Snake:3  | Reached skill level 5 in Dodging
 53857 | Snake:3  | Received a gift from Okawaru
 54731 | Snake:3  | Reached skill level 14 in Fighting
 55106 | Snake:4  | Entered Level 4 of the Snake Pit
 55308 | Snake:3  | Received a gift from Okawaru
 55311 | Snake:3  | Got an encrusted morningstar {god gift}
 55312 | Snake:3  | Identified the +1 morningstar of the Queen {speed, -Tele
                  | rF+++ Dex+4} (Okawaru gifted it to you on level 3 of the
                  | Snake Pit)
 56024 | Snake:4  | Reached XP level 18. HP: 130/146 MP: 16/25
 56406 | Snake:4  | Received a gift from Okawaru
 56574 | Snake:4  | Got a serpentine rune of Zot
 57156 | Vaults:1 | Entered Level 1 of the Vaults
 58640 | Vaults:1 | Received a gift from Okawaru
 58821 | Vaults:1 | Reached skill level 15 in Maces & Flails
 59322 | Vaults:1 | Received a gift from Okawaru
 59329 | Vaults:1 | Got a jet-encrusted crystal plate armour {god gift}
 59341 | Vaults:1 | Identified the +1 crystal plate armour of the Sixty-Six
                  | Ships {rC+} (Okawaru gifted it to you on level 1 of the
                  | Vaults)
 59832 | Vaults:1 | Reached XP level 19. HP: 153/153 MP: 26/26
 61249 | Vaults:2 | Noticed Sojobo
 61482 | Vaults:2 | Reached skill level 15 in Fighting
 61515 | Vaults:2 | Received a gift from Okawaru
 62133 | Vaults:2 | Found a staircase to the Crypt.
 62133 | Vaults:2 | Found a basalt altar of Yredelemnul.
 62134 | Vaults:2 | Found an ancient bone altar of Kikubaaqudgha.
 62283 | Vaults:2 | Received a gift from Okawaru
 62690 | Vaults:2 | Found a staircase to the Crypt.
 62690 | Vaults:2 | Found a basalt altar of Yredelemnul.
 62691 | Vaults:2 | Found an ancient bone altar of Kikubaaqudgha.
 62823 | Vaults:2 | Killed Sojobo
 63513 | Vaults:3 | Received a gift from Okawaru
 64137 | Vaults:3 | Reached XP level 20. HP: 162/162 MP: 24/27
 64394 | Vaults:3 | Received a gift from Okawaru
 64492 | Vaults:3 | Identified the +8 morningstar of Departure {crush, rElec
                  | Dex+3} (Okawaru gifted it to you on level 3 of the Vaults)
 65418 | Vaults:4 | Found Lunuss's Food Boutique.
 65922 | Snake:1  | Bought an uncursed ring of protection from fire for 450
                  | gold pieces
 66834 | Vaults:4 | Noticed Mennas
 66899 | Vaults:4 | Received a gift from Okawaru
 66913 | Vaults:4 | Killed Mennas
 67047 | Vaults:4 | Reached skill level 16 in Fighting
 67536 | Vaults:4 | Received a gift from Okawaru
 67581 | Vaults:4 | Reached skill level 10 in Evocations
 67755 | Vaults:4 | Reached XP level 21. HP: 101/171 MP: 7/28
 68769 | Depths:1 | Entered Level 1 of the Depths
 68886 | Depths:1 | Reached skill level 10 in Dodging
 69720 | Depths:1 | Identified the +9 fustibalus "Vuliz" {freeze, rElec Int+2
                  | Dex+2} (You found it on level 1 of the Depths)
 70031 | Depths:1 | Received a gift from Okawaru
 70386 | Vaults:4 | Identified the +2 pair of boots of the Prince {MR+ MP+9
                  | Str+7} (Okawaru gifted it to you on level 4 of the Vaults)
 70849 | Depths:1 | Found a gateway to Hell.
 71295 | Depths:2 | Noticed a juggernaut
 71490 | Depths:2 | Killed a juggernaut
 71933 | Depths:2 | Paralysed by a floating eye for 4 turns
 71983 | Depths:2 | Paralysed by a floating eye for 4 turns
 72012 | Depths:2 | Reached skill level 17 in Fighting
 72038 | Depths:2 | Received a gift from Okawaru
 72047 | Depths:2 | Identified the +1 morningstar of Existentialism {crush,
                  | +Fly rN+ Int-3 SInv} (Okawaru gifted it to you on level 2
                  | of the Depths)
 72666 | Depths:2 | Found a corrupted altar of Lugonu.
 72668 | Depths:2 | Found a one-way gate to the infinite horrors of the Abyss.
 73174 | Depths:3 | Reached XP level 22. HP: 181/181 MP: 29/29
 73507 | Depths:3 | Noticed the Enchantress
 73508 | Depths:3 | Received a gift from Okawaru
 73555 | Depths:3 | Reached skill level 15 in Armour
 73567 | Depths:3 | Reached skill level 15 in Shields
 73584 | Depths:3 | Killed the Enchantress
 73785 | Depths:3 | Identified Wuh Fon's Volume of Mutagenic Curses
 73944 | Depths:3 | Killed from afar by a quicksilver dragon

Levels and vault maps discovered:
D:1:      lemuel_arrival_river_ford, layout_loops_cross
D:2:      layout_loops_ring, nicolae_overflow_crystal_walls, first_ration,
          minmay_misc_feat_rugged
D:3:      layout_loops_corners, chequers_ecumenical_altar_lobes,
          minmay_misc_feat_five
D:4:      layout_loops_ring, minmay_temple_entry_offerings,
          gup_sewer_entry_spiral, serial_shops, kennysheep_mini_moat, shop,
          nicolae_shop_crystal, nicolae_shop_window_shopping
D:5:      layout_basic, grunt_qazlal_clouds, minmay_fractal_squares_5
D:6:      layout_loops_ring, serial_shops, shop, serial_park_tiny_1,
          uniq_menkaure, uniq_prince_ribbit1, uniq_edmund,
          uniq_crazy_yiuf_cottage
D:7:      layout_layer_cave, zin_treasury, serial_shops, shop,
          nicolae_shop_behind_doors, shop, shop, nrook_pool_corridor,
          nicolae_ru_awakened_eye
D:8:      layout_cave_pools, vehumet_statue,
          chequers_temple_overflow_statue_of_worship, erik_lair_dragon,
          uniq_erica, uniq_grum
D:9:      layout_loops_ring, uniq_psyche, uniq_erolcha, uniq_pikel
D:10:     layout_loops_cross, serial_shops, shop, grunt_pizzeria,
          nicolae_blasting_shop, uniq_maurice, uniq_nergalle
D:11:     minmay_mutant_horseshoe, layout_loops_ring
D:12:     layout_basic, orc_0_dummy, basic_altar
D:13:     layout_stronghold, david_vaults_3, basic_altar, serial_shops,
          nicolae_shop_statue_plus, shop, kennysheep_mini, nicolae_shop_stone,
          shop
D:14:     layout_stronghold
D:15:     grunt_enter_depths_snipers, layout_basic, serial_ice, serial_ice_l,
          serial_ice_o, serial_ice_n, serial_ice_g, serial_ice_c, serial_ice_a,
          serial_ice_f, serial_ice_d, serial_ice_h, serial_ice_b,
          portal_ice_cave_entry_pillars_1, solitary_fountain
Temple:   regret_index_temple_generic_petals
Lair:1:   layout_long_grid
Lair:2:   layout_misc_corridors, infiniplex_staircase_pool
Lair:3:   layout_loops_ring, minmay_swamp_entry_eels, gammafunk_ghost_arena
Lair:4:   layout_regular_city, guppyfry_snake_entry_island,
          minmay_lair_oklob_chamber
Lair:5:   layout_regular_city, minivault_19, minmay_shattered_shrine,
          infiniplex_staircase_pool_2
Lair:6:   minmay_lair_end_enchanted_forest, layout_cave_pods, slime_altar_1,
          st_stairs_3, minmay_lair_oklob_bushes, uniq_rupert, uniq_josephine
Swamp:1:  layout_basic_swamp, hangedman_swamp_blocks
Swamp:2:  layout_basic_swamp, gammafunk_ghost_grave, serial_swamp_ruin,
          evilmike_swamp_ruin_house_1, evilmike_swamp_ruin_rubble_1,
          evilmike_swamp_ruin_house_4, swamp_pool4
Swamp:3:  layout_falls_marsh, hangedman_swamp_diagram
Swamp:4:  swamp_alternative, layout_basic_swamp
Snake:1:  layout_chambers, grunt_megastairs_4, minmay_shop_grove,
          serial_bayou_shore_b
Snake:2:  layout_misc_corridors, lemuel_fruit_tree, uniq_azrael
Snake:3:  layout_grid_maze, uniq_vashnia, uniq_aizul
Snake:4:  snake_pit, layout_cave_town
Orc:1:    layout_diamond_mine, nicolae_orc_lava_tube
Orc:2:    grunt_orc_tribal_feast, layout_caves, uniq_snorg, uniq_urug
Vaults:1: nicolae_vaults_little_ls, v_misc_12, dpeg_vaults_monster_box,
          ontoclasm_vaults_spin, vaults_room_stairs_pillars,
          nicolae_vaults_c_with_doors, v_misc_13, v_misc_23,
          nicolae_vaults_ring_of_whatevers, ontoclasm_vaults_hangar,
          ontoclasm_vaults_chip, layout_vaults_quadrants
Vaults:2: minmay_crypt_entry_necro_gods, ontoclasm_vaults_ring_large,
          vaults_room_grid, nicolae_vaults_little_squares_6,
          hangedman_vaults_cutoff, v_misc_32, vaults_mumra_hex,
          ontoclasm_vaults_gateway, layout_vaults_big_room, uniq_sojobo
Vaults:3: vaults_room_corners, hangedman_vaults_stream,
          ontoclasm_vaults_loading_screen, hangedman_vaults_cutoff, st_squares,
          hangedman_vaults_stitches, nicolae_vaults_angled_halls,
          nicolae_vaults_what_the_h, nicolae_vaults_little_squares_3, v_misc_4,
          ontoclasm_vaults_bender, vaults_mumra_chevron, vaults_mumra_lcd,
          ontoclasm_vaults_claustrophobia, layout_vaults_maze_bifur
Vaults:4: v_misc_11, ontoclasm_vaults_loading_screen, vaults_dpeg_doors,
          nicolae_vaults_rhombus_7, vaults_mumra_hexcomb,
          nicolae_vaults_an_arrangement, nicolae_vaults_sealed_display,
          ontoclasm_vaults_chip, grunt_vaults_funnel,
          ontoclasm_vaults_decontamination, vaults_standard_mumra_x,
          layout_vaults_omnicross, serial_shops, nicolae_shop_statue_plus,
          uniq_mennas
Depths:1: evilmike_marble_ring, layout_gridlike, hell_entry, grunt_ministairs_3,
          bh_walls_and_bars
Depths:2: minmay_ornate_pinched, layout_basic, patterned_corridor,
          abyss_entry_flame_altar, hell_entry
Depths:3: grunt_forest_end_chambers, layout_cave_pools, rand_demon_pan_entry_5,
          roderic_serpentine_path, hell_entry, skrybe_limestone_x,
          serial_sigils_hangedman_gut

Skill      XL: |  1  2  3  4  5  6  7  8  9 10 11 12 13 14 15 16 17 18 19 20 21 22 |
---------------+-------------------------------------------------------------------+-----
Maces & Flails | 2 3 4 5 6 7 9 10 11 12 13 14 15 16 | 16.0
Shields        | 3 4 5 6 7 8 9 10 11 12 13 14 15 | 15.0
Armour         | 3 4 5 6 7 8 9 10 11 12 13 14 15 | 15.1
Fighting       | 4 5 7 8 9 10 11 12 13 14 15 16 17 | 17.4
Invocations    | 2 4 5 7 8 9 10 | 10.0
Evocations     | 1 4 6 7 8 10 | 10.0
Dodging        | 4 6 7 8 9 11 | 11.5

Action                   |  1- 3 |  4- 6 |  7- 9 | 10-12 | 13-15 | 16-18 | 19-21 | 22-24 || total
-------------------------+-------+-------+-------+-------+-------+-------+-------+-------++-------
Melee: Flail             |   115 |   160 |   416 |       |       |       |       |       ||   691
       Mace              |       |       |    90 |    15 |    17 |       |       |       ||   122
       Morningstar       |       |       |    54 |   620 |  2473 |    58 |    11 |       ||  3216
       Demon whip        |       |       |       |       |    41 |  2884 |  3279 |   425 ||  6629
 Fire: Hand crossbow     |       |       |    47 |   167 |   150 |    39 |    14 |       ||   417
Throw: Stone             |       |    11 |       |       |       |       |       |       ||    11
       Dart              |       |     6 |    22 |    33 |    22 |     5 |       |       ||    88
       Boomerang         |       |       |       |     2 |     3 |       |     2 |       ||     7
Invok: Heroism           |       |       |     2 |    19 |    22 |    11 |    11 |     2 ||    67
       Finesse           |       |       |       |     6 |     5 |     3 |     3 |     2 ||    19
 Abil: Evoke Flight      |       |       |       |       |     2 |     5 |       |       ||     7
Evoke: Wand              |       |       |       |     4 |     2 |       |     3 |       ||     9
       Phial of floods   |       |       |       |       |     1 |       |     1 |       ||     2
  Use: Scroll            |       |     5 |     3 |     2 |    16 |     7 |    12 |     2 ||    47
 Stab: Confused          |       |       |       |     1 |       |       |     1 |       ||     2
       Distracted        |       |       |       |       |       |       |     1 |       ||     1
Armor: Scale mail        |    56 |    64 |    85 |       |       |       |       |       ||   205
       Chain mail        |       |       |   133 |   222 |   256 |       |       |       ||   611
       Plate armour      |       |       |       |       |  1083 |   841 |   851 |   134 ||  2909
Dodge: Dodged            |    36 |    41 |   130 |   221 |   695 |   389 |   596 |   101 ||  2209
Block: Shield            |    80 |    65 |   245 |   354 |  1504 |   396 |       |       ||  2644
       Large shield      |       |       |       |       |       |  1389 |  2321 |   388 ||  4098
